 Dungeon Crawl Stone Soup version 0.28-a0-691-gad6df49e81 (webtiles) character file.

Game seed: 646040350599710709

1593 insectpublic the Cleaver (level 8, -3/70 HPs)
             Began as a Minotaur Fighter on Oct 21, 2021.
             Slain by Grum (5 damage)
             ... on level 8 of the Dungeon.
             The game lasted 00:08:45 (4161 turns).

insectpublic the Cleaver (Minotaur Fighter)         Turns: 4161, Time: 00:08:46

Health: -3/70      AC:  7    Str: 21    XL:     8   Next: 61%
Magic:  7/7        EV: 11    Int:  6    God:
Gold:   105        SH: 11    Dex: 17    Spells: 7/7 levels left

rFire   . . .      SeeInvis .   a - +0 war axe
rCold   . . .      Faith    .   c - +0 buckler
rNeg    . . .      Spirit   .   b - +0 scale mail
rPois   .          Reflect  +   (helmet restricted)
rElec   .          Harm     .   (no cloak)
rCorr   .          Rampage  .   (no gloves)
Will    .....                   (no boots)
Stlth   ..........              r - amulet of reflection
HPRegen 0.21/turn               i - +6 ring of dexterity
MPRegen 0.10/turn               (no ring)

@: no status effects
A: horns 2, retaliatory headbutt
a: no special abilities


You were on level 8 of the Dungeon.
You visited 1 branch of the dungeon, and saw 6 of its levels.

You collected 105 gold pieces.

Inventory:

Hand Weapons
 a - a +0 war axe (weapon)
Armour
 b - a +0 scale mail (worn)
 c - a +0 buckler (worn)
 n - a +0 barding
Jewellery
 i - a +6 ring of dexterity (left hand)
 r - an amulet of reflection (around neck)
 t - a ring of fire
Wands
 s - a wand of flame (11)
Scrolls
 d - a scroll of teleportation {unknown}
 h - a scroll of acquirement {unknown}
 k - a scroll of enchant weapon {unknown}
 l - 2 scrolls of identify {unknown}
 m - a scroll of enchant armour {unknown}
 o - a scroll of brand weapon {unknown}
 p - a scroll of immolation {unknown}
Potions
 e - 2 potions of heal wounds
 f - a potion of lignification {unknown}
 g - a potion of ambrosia {unknown}
 j - a potion of curing
 q - a potion of degeneration {unknown}


   Skills:
 + Level 6.2 Fighting
 + Level 9.2 Axes
 + Level 6.9 Armour
 + Level 2.2 Dodging
 + Level 0.7 Stealth
 + Level 5.8 Shields


You had 7 spell levels left.
You didn't know any spells.
Your spell library was empty.

Dungeon Overview and Level Annotations

Branches:
Dungeon (5/15)
 Temple: D:4-7

Altars:

Annotations:
D:8 Grum


Innate Abilities, Weirdness & Mutations

You have a pair of horns on your head.
You reflexively headbutt those who attack you in melee.


Message History

You miss the wolf.
The wolf is moderately wounded.
You block the wolf's attack. You block Grum's attack. The wolf bites you.
You slash the wolf! You headbutt the wolf.
You kill the wolf!
Grum closely misses you. You furiously retaliate!
You headbutt Grum.
You see here a wolf corpse.
You hit Grum. You headbutt Grum!
Grum is moderately wounded.
Grum hits you with a +1 spear.
* * * LOW HITPOINT WARNING * * *
You hit Grum but do no damage. You headbutt Grum, but do no damage.
Grum is moderately wounded.
Grum barely misses you. You furiously retaliate!
You headbutt Grum. You hit Grum.
Grum is moderately wounded.
You block Grum's attack.
You hit Grum.
Grum is heavily wounded.
Grum is momentarily distracted by a flea in his coat.
Grum barely misses you.
You closely miss Grum. Your headbutt misses Grum.
Grum is heavily wounded.
Grum barely misses you.
You closely miss Grum.
Grum is heavily wounded.
Grum shouts, "Junior!
Good boy!"
Grum hits you but does no damage.
You hit Grum. Your headbutt misses Grum.
Grum is heavily wounded.
Grum hits you with a +1 spear!!
* * * LOW HITPOINT WARNING * * *
You barely miss Grum. You headbutt Grum.
Grum is heavily wounded.
Grum drinks a potion.
Grum is healed!
You barely miss Grum.
Grum is lightly wounded.
Grum hits you with a +1 spear.
You die...

#.#.##########.#.................
#.#.# #.#..#.############# #.#.#
####.#..#.# #.#.# #)...#..#.#
#.#.#######.####..#.#
#.#...............#.#
.......####.####.##.# .......#
#.........# .......# ######@####
.......# #g# .......# .h.
.......# ..... .......# .......
........# #........ ........#
#........# ....[... #........#
#......


You could see Grum and a wolf.

Vanquished Creatures
  Pikel (D:5)
  Prince Ribbit (D:8)
  Grinder (D:5)
  A water moccasin (D:5)
  3 wolves (D:8)
  A lemure (D:5)
  Blork the orc (D:5)
  A bullfrog (D:8)
  A water moccasin zombie (D:5)
  A centaur zombie (D:5)
  A hound (D:5)
  An iguana (D:5)
  A scorpion zombie (D:5)
  A howler monkey zombie (D:8)
  3 gnolls (D:2)
  An adder (D:5)
  3 worms
  A dart slug (D:2)
  4 orcs
  8 ball pythons
  5 endoplasms
  2 giant cockroaches
  8 goblins
  6 hobgoblins
  4 quokkas
  3 bats
  4 frilled lizards
  2 kobolds
  8 rats
78 creatures vanquished.

Notes
Turn   | Place    | Note
-------+----------+-------------------------------------------
     0 | D:1      | insectpublic the Minotaur Fighter began the quest for the
                  | Orb.
     0 | D:1      | Reached XP level 1. HP: 19/19 MP: 0/0
   396 | D:1      | Reached XP level 2. HP: 25/27 MP: 1/1
   648 | D:1      | You fall into a shaft and drop 1 floor!
   871 | D:2      | Reached XP level 3. HP: 22/33 MP: 2/2
   882 | D:2      | Reached skill level 3 in Axes
  1677 | D:3      | Reached XP level 4. HP: 39/41 MP: 3/3
  1709 | D:3      | Found a glowing drain.
  1865 | D:2      | Reached skill level 1 in Dodging
  2696 | D:5      | Entered Level 5 of the Dungeon
  2834 | D:5      | Reached skill level 4 in Axes
  2834 | D:5      | Reached XP level 5. HP: 40/47 MP: 4/4
  2979 | D:5      | Noticed Grinder
  2988 | D:5      | Reached skill level 5 in Axes
  2995 | D:5      | Reached XP level 6. HP: 29/53 MP: 5/5
  2997 | D:5      | Paralysed by Grinder for 3 turns
  3002 | D:5      | Killed Grinder
  3003 | D:5      | Reached skill level 5 in Fighting
  3003 | D:5      | Reached skill level 6 in Axes
  3003 | D:5      | Reached skill level 5 in Armour
  3269 | D:5      | Noticed a water moccasin
  3283 | D:5      | Killed a water moccasin
  3284 | D:5      | Reached XP level 7. HP: 25/61 MP: 6/6
  3470 | D:5      | Noticed Blork the orc
  3480 | D:5      | Killed Blork the orc
  3481 | D:5      | Reached skill level 7 in Axes
  3531 | D:5      | Noticed Pikel
  3561 | D:5      | Killed Pikel
  3562 | D:5      | Reached skill level 8 in Axes
  3562 | D:5      | Reached skill level 5 in Shields
  3562 | D:5      | Reached XP level 8. HP: 14/70 MP: 7/7
  3615 | D:5      | You fall into a shaft and drop 3 floors!
  3889 | D:8      | Noticed Prince Ribbit
  3903 | D:8      | Killed Prince Ribbit
  4143 | D:8      | Noticed Grum
  4149 | D:8      | Reached skill level 9 in Axes
  4159 | D:8      | HP: 1/70 [Grum (20)]
  4161 | D:8      | Slain by Grum

Illustrated notes

Levels and vault maps discovered:
D:1:      amcnicky_arrival_gap_in_the_tavern_cellar, layout_basic,
          hellmonk_ecumenical_altar_heavens_door
D:2:      layout_loops_corners
D:3:      layout_loops_corners, cheibrodos_sewer_entry_bend
D:4:      layout_basic, mainiacjoe_overflow_large_starburst,
          beargit_hepliaklqana_dungeon_heroes, uniq_ijyb, uniq_eustachio,
          uniq_natasha
D:5:      layout_basic, guppyfry_shop_venom, uniq_grinder, uniq_pikel,
          uniq_blork_the_orc
D:8:      layout_basic, kennysheep_mini_moat, uniq_grum, uniq_prince_ribbit1,
          uniq_psyche

Skill      XL: |  1  2  3  4  5  6  7  8 |
---------------+-------------------------+-----
Shields        | 4 5 |  5.8
Fighting       | 4 5 6 |  6.2
Armour         | 4 5 6 |  6.9
Axes           | 3 4 5 6 8 9 |  9.2
Dodging        | 1 2 |  2.2
Stealth        | |  0.7

Action                   |  1- 3 |  4- 6 |  7- 9 || total
-------------------------+-------+-------+-------++-------
Melee: War axe           |    75 |    84 |    60 ||   219
       Headbutt          |     8 |    10 |    16 ||    34
  Use: Potion            |     1 |       |       ||     1
Armor: Scale mail        |    44 |    34 |     7 ||    85
Dodge: Dodged            |    41 |    34 |    20 ||    95
Block: Buckler           |    26 |    34 |    22 ||    82
       Reflection        |       |       |     1 ||     1

Table legend: (Time is in decaauts)
 A = Elapsed time spent in this place.
 B = Non-inter-level travel time spent in this place.
 C = Inter-level travel time spent in this place.
 D = Time resting spent in this place.
 E = Time spent auto-exploring this place.
 F = Levels seen in this place.
 G = Mean time per level.
                   A        B        C        D        E       F      G
               +--------+--------+--------+--------+--------+-----+--------+
         Total |   4219 |   4219 |      0 |      0 |   2942 |   6 |  703.2 |
       Dungeon |   4219 |   4219 |      0 |      0 |   2942 |   6 |  703.2 |
               +--------+--------+--------+--------+--------+-----+--------+

Top non-repeatable levels by time:
     D:2: 1388 daAuts
     D:5: 936 daAuts
     D:1: 700 daAuts
     D:3: 554 daAuts
     D:8: 547 daAuts
     D:4: 91 daAuts
